 Dungeon Crawl Stone Soup version 0.20.1-1-g8b1a95d (webtiles) character file.

2494 Peloso the Slasher (level 9, -5/68 HPs)
             Began as a Demonspawn Fighter on July 30, 2017.
             Was a Priest of Okawaru.
             Killed by divine providence
             ... invoked by an orc priest
              (13 damage)
             ... on level 8 of the Dungeon.
             The game lasted 00:14:57 (6407 turns).

Peloso the Slasher (Demonspawn Fighter)             Turns: 6407, Time: 00:14:58

Health: -5/68      AC: 13    Str: 20    XL:     9   Next: 28%
Magic:  9/9        EV:  4    Int: 10    God:    Okawaru [***...]
Gold:   310        SH:  9    Dex: 12    Spells: 8/8 levels left

rFire    + . .     SeeInvis .   a - +2 falchion (slice)
rCold    + . .     Gourm    .   c - +0 shield
rNeg     . . .     Faith    .   v - +0 plate armour
rPois    .         Spirit   .   (no helmet)
rElec    .         Reflect  .   (no cloak)
rCorr    .         Harm     .   (no gloves)
MR       .....                  (no boots)
Stlth    ..........             (no amulet)
Regen    0.3/turn               j - ring of protection from fire
MPRegen  0.2/turn               (no ring)

@: lethally poisoned (-5 -> -6), heavily drained
A: talons 1, slimy green scales 1, cold resistance 1, demonic guardian 1
a: Heroism, Renounce Religion


You were on level 8 of the Dungeon.
You worshipped Okawaru.
Okawaru was most pleased with you.
You were not hungry.

You visited 2 branches of the dungeon, and saw 9 of its levels.

You collected 310 gold pieces.

Inventory:

Hand Weapons
 a - a +2 falchion of slicing (weapon)
 e - a cursed -3 hand axe
 i - a +1 mace of protection
Armour
 b - a +0 scale mail
 c - a +0 shield (worn)
 v - a +0 plate armour (worn)
Jewellery
 j - a ring of protection from fire (left hand)
 y - an uncursed ring of protection from fire
Scrolls
 m - 2 scrolls of remove curse
 s - 2 scrolls of magic mapping
 t - a scroll of blinking {unknown}
 x - a scroll of enchant armour {unknown}
Potions
 l - a potion of heal wounds
 n - a potion of resistance
 q - a potion of berserk rage
 r - a potion of agility {unknown}
 u - a potion of brilliance {unknown}
 z - a potion of magic {unknown}
 A - a potion of flight {unknown}
 B - 2 potions of lignification {unknown}
 C - 2 potions of curing
 D - 3 potions of haste {unknown}
 E - a potion of invisibility {unknown}
Books
 w - a book of Minor Magic

   Spells                             Type                      Level
   a - Magic Dart                     Conjuration                  1
   b - Blink                          Translocation                2
   c - Call Imp                       Summoning                    2
   d - Slow                           Hexes                        2
   e - Conjure Flame                  Conjuration/Fire             3
   f - Mephitic Cloud                 Conjuration/Poison/Air       3
 F - a book of Callings

   Spells                             Type                      Level
   a - Summon Small Mammal            Summoning                    1
   b - Call Imp                       Summoning                    2
   c - Call Canine Familiar           Summoning                    3
   d - Summon Guardian Golem          Hexes/Summoning              3
   e - Summon Lightning Spire         Summoning/Air                4
   f - Summon Ice Beast               Ice/Summoning                4
Comestibles
 d - 6 fruits
 f - 4 bread rations
 g - 6 meat rations
 h - a royal jelly
 k - 3 chunks of flesh


   Skills:
 + Level 5.4(3.9) Fighting
 + Level 7.3(5.7) Long Blades
 + Level 5.9(4.3) Armour
 + Level 2.2(0.8) Dodging
 + Level 2.0(0.6) Stealth
 + Level 5.7(4.1) Shields
 + Level 0.3(0.0) Invocations


You had 8 spell levels left.
You didn't know any spells.

Dungeon Overview and Level Annotations

Branches:
Dungeon (9/15)             Temple (1/1) D:4
   Lair: D:8-11         Orc: D:9-12

Altars:
Ashenzari
Cheibriados
Kikubaaqudgha
Makhleb
Nemelex Xobeh
Okawaru
Qazlal
Ru
Sif Muna
Uskayaw
Xom
The Shining One


Innate Abilities, Weirdness & Mutations

You have sharp toenails.
You are partially covered in slimy green scales. (AC +2)
Your flesh is cold resistant. (rC+)
A weak demonic guardian rushes to your aid.


Message History

You closely miss something. You claw something.
The orc priest calls down the wrath of Beogh upon you.
Beogh smites you! Something hits you. The orc hits you.
* * * LOW HITPOINT WARNING * * *
Unknown command.
You hit the orc but do no damage. You claw the orc.
The orc is heavily wounded.
You block the orc's attack. Something hits you but does no damage.
You slash the orc!
You kill the orc!
Okawaru accepts your kill.
You feel sick. The orc hits you but does no damage.
The orc priest mumbles some strange prayers to Beogh against you.
Beogh smites you!
* * * LOW HITPOINT WARNING * * *
You hit something. Something hits you but does no damage.
You block the orc's attack.
The orc priest mumbles some strange prayers to Beogh against you.
Beogh smites you!
You die...

####....####......#
#.................#
#.........>.......#
#.................#
########.....#############
.............##
#######.......# ....
#...o.5## ..... #..){@.#
......#..o#####
.......!o......#
...!...........#
######.........#
#.........# #.........#
..........# ...........#


You could see 2 orc priests, an orc and a friendly quasit.

Vanquished Creatures
  The ghost of tschems the Chopper, a novice HuFi of Okawaru (D:6)
  The ghost of Knicklaso the Poker, an amateur MiGl (D:3)
  A hornet (D:6)
  The ghost of Tagedieb the Covert, an amateur OpAs (D:5)
  2 ice beasts
  A sky beast (D:5)
  2 ogres
  2 bullfrogs (D:6)
  3 crimson imps
  A jelly (D:5)
  A bullfrog zombie (D:5)
  Ijyb (D:5)
  2 bullfrog skeletons
  A gnoll shaman (D:4)
  Jessica (D:3)
  An iguana (D:6)
  5 orc wizards
  5 worker ants
  A hound skeleton (D:6)
  Robin (D:2)
  A worker ant zombie (D:6)
  4 gnolls (D:4)
  10 adders
  2 oozes
  An adder skeleton (D:6)
  4 dart slugs
  3 leopard geckos
  9 orcs
  A ball python (D:6)
  2 giant cockroaches (D:3)
  16 goblins
  10 hobgoblins
  2 jackals (D:1)
  3 quokkas
  9 bats
  3 frilled lizards
  12 kobolds
  A leopard gecko zombie (D:5)
  8 rats
135 creatures vanquished.

Vanquished Creatures (collateral kills)
  A necrophage (D:6)
  A centaur (D:6)
  2 orc priests
  2 iguanas (D:5)
  3 gnolls (D:4)
  2 orcs
11 creatures vanquished.

Vanquished Creatures (others)
  2 centaurs (D:6)
  A worker ant (D:6)
  An adder (D:6)
  A leopard gecko (D:6)
5 creatures vanquished.

Grand Total: 151 creatures vanquished

Notes
Turn   | Place    | Note
-------+----------+-------------------------------------------
     0 | D:1      | Peloso the Demonspawn Fighter began the quest for the Orb.
     0 | D:1      | Reached XP level 1. HP: 18/18 MP: 1/1
    96 | D:1      | Gained mutation: Your flesh is cold resistant. (rC+) [demonic ancestry]
    96 | D:1      | Reached XP level 2. HP: 16/24 MP: 2/2
   113 | D:1      | Reached skill level 2 in Long Blades
   892 | D:1      | Reached XP level 3. HP: 26/29 MP: 3/3
   992 | D:2      | Noticed Robin
  1007 | D:2      | Killed Robin
  1332 | D:2      | Reached XP level 4. HP: 25/35 MP: 4/4
  2173 | D:3      | Reached skill level 3 in Long Blades
  2386 | D:3      | Noticed Knicklaso's ghost (amateur MiGl)
  2408 | D:3      | Killed Knicklaso's ghost
  2408 | D:3      | Reached skill level 1 in Dodging
  2408 | D:3      | Reached XP level 5. HP: 14/42 MP: 5/5
  2408 | D:3      | Gained mutation: A weak demonic guardian rushes to your aid. [demonic ancestry]
  2408 | D:3      | Reached XP level 6. HP: 16/48 MP: 6/6
  2746 | D:3      | Found a shattered altar of Ashenzari.
  2748 | D:3      | Noticed Jessica
  2759 | D:3      | Killed Jessica
  3249 | D:4      | Reached skill level 4 in Long Blades
  3357 | D:4      | Found a staircase to the Ecumenical Temple.
  3370 | Temple   | Entered the Ecumenical Temple
  3374 | Temple   | Became a worshipper of Warmaster Okawaru
  3456 | D:4      | Gained mutation: You have sharp toenails. [demonic ancestry]
  3456 | D:4      | Reached XP level 7. HP: 34/53 MP: 7/7
  3590 | D:4      | Found a burning altar of Makhleb.
  4045 | D:5      | Entered Level 5 of the Dungeon
  4082 | D:5      | Found a snail-covered altar of Cheibriados.
  4154 | D:5      | Reached * piety under Okawaru
  4408 | D:5      | Noticed Ijyb
  4427 | D:5      | Killed Ijyb
  4427 | D:5      | Reached skill level 5 in Long Blades
  4734 | D:5      | Reached skill level 1 in Stealth
  4734 | D:5      | Reached XP level 8. HP: 57/61 MP: 8/8
  4765 | D:5      | Found a hide-covered altar of Uskayaw.
  4968 | D:5      | Noticed Tagedieb's ghost (amateur OpAs)
  4979 | D:5      | Killed Tagedieb's ghost
  5147 | D:6      | Reached skill level 5 in Armour
  5167 | D:6      | Reached ** piety under Okawaru
  5167 | D:6      | Reached skill level 6 in Long Blades
  5167 | D:6      | Reached skill level 5 in Shields
  5264 | D:6      | Noticed a hornet
  5397 | D:6      | Found a shimmering altar of Xom.
  5404 | D:6      | Paralysed by a hornet for 1 turns
  5409 | D:6      | Killed a hornet
  5428 | D:6      | Noticed tschems's ghost (novice HuFi)
  5770 | D:6      | Killed tschems's ghost
  5770 | D:6      | Reached skill level 5 in Fighting
  5770 | D:6      | Gained mutation: You are partially covered in slimy green scales. (AC +2) [demonic ancestry]
  5770 | D:6      | Reached XP level 9. HP: 67/68 MP: 9/9
  5784 | D:6      | Reached skill level 7 in Long Blades
  5969 | D:6      | Reached *** piety under Okawaru
  6361 | D:6      | You fall through a shaft for 3 floors!
  6407 | D:8      | Killed from afar by an orc priest

Skill      XL: |  1  2  3  4  5  6  7  8  9 |
---------------+----------------------------+-----
Long Blades    | 2 3 4 5 6 7 |  7.3
Shields        | 3 4 5 |  5.7
Armour         | 3 4 5 |  5.9
Dodging        | 1 2 |  2.2
Fighting       | 4 5 |  5.4
Stealth        | 1 2 |  2.0
Invocations    | |  0.3

Action                   |  1- 3 |  4- 6 |  7- 9 || total
-------------------------+-------+-------+-------++-------
Melee: Long sword        |   125 |   132 |       ||   257
       Falchion          |       |    61 |   273 ||   334
       Kick              |       |       |    97 ||    97
Invok: Heroism           |       |       |     1 ||     1
  Use: Potion            |       |     3 |       ||     3
       Scroll            |       |       |     9 ||     9
 Stab: Distracted        |       |     1 |     1 ||     2
  Eat: Chunk             |     1 |     8 |    10 ||    19
Armor: Scale mail        |    67 |    84 |       ||   151
       Plate armour      |       |    11 |   136 ||   147
Dodge: Dodged            |    40 |    75 |    51 ||   166
Block: Shield            |    80 |    98 |   121 ||   299
       Rpst.: Long sword |    12 |    20 |       ||    32
       Falchion          |       |     7 |    13 ||    20
